 Dungeon Crawl Stone Soup version 0.21.1-1-g345015f (webtiles) character file.

1763502 Mgcat the Slayer (level 27, 240/240 HPs)
             Began as a Human Berserker on Mar 2, 2018.
             Was an Elder of Trog.
             Escaped with the Orb
             ... and 3 runes on Mar 3, 2018!
             The game lasted 05:03:10 (70139 turns).

Mgcat the Slayer (Human Berserker)                 Turns: 70139, Time: 05:03:11

Health: 240/240    AC: 29    Str: 31    XL:     27
Magic:  24/24      EV: 22    Int: 15    God:    Trog [****..]
Gold:   3402       SH: 24    Dex: 24    Spells: 26/26 levels left

rFire    + + .     SeeInvis .   a - +9 broad axe (elec)
rCold    + + +     Gourm    .   R - +5 shield {rN+}
rNeg     + + .     Faith    .   t - +3 gold dragon scales
rPois    +         Spirit   .   x - -2 hat of the Alchemist {rElec rPois rF+ rC+ rN+ MR+ rMut rCorr}
rElec    +         Reflect  +   s - +0 cloak {MR+}
rCorr    +         Harm     .   I - +2 pair of gloves {Dex+3}
rMut     +                      Z - +2 pair of boots {Stlth+}
MR       +++++                  v - +3 amulet of reflection
Stlth    ..........             h - ring "Uptuhean" {rC+ Str+2 Int+3 Dex+4}
HPRegen  0.50/turn              L - ring "Gose" {MR+ Str+2 Int+5}
MPRegen  0.19/turn

@: no status effects
A: deformed body, low mp 1, subdued magic 1
0: Orb of Zot
}: 3/15 runes: serpentine, barnacled, silver
a: Berserk, Trog's Hand, Brothers in Arms, Burn Spellbooks, Renounce Religion


You escaped.
You worshipped Trog.
Trog was greatly pleased with you.
You were not hungry.

You visited 10 branches of the dungeon, and saw 49 of its levels.
You visited the Abyss 1 time.
You visited 1 bazaar.
You also visited: Labyrinth, Trove, Ice Cave and Wizlab.

You collected 6438 gold pieces.
You spent 3036 gold pieces at shops.

Inventory:

Hand Weapons
 a - a +9 broad axe of electrocution (weapon)
   (You took it off a vault guard on level 2 of the Vaults)
 b - the +10 hunting sling "Leahi" {velocity, MR+ Int-3 Dex+2 SInv}
   (You found it on level 7 of the Dungeon)

   Any stone fired from it inflicts extra damage.
   It affects your intelligence (-3).
   It affects your dexterity (+2).
   It affects your resistance to hostile enchantments.
   It lets you see invisible.
Missiles
 d - 2 curare-tipped needles
 G - 458 sling bullets
 J - 4 silver javelins (quivered)
 K - 7 throwing nets {=f, !d}
Armour
 s - a +0 cloak of magic resistance (worn)
   (You took it off a draconian annihilator on level 2 of the Realm of Zot)
 t - +3 gold dragon scales (worn)
   (You found it on level 1 of the Realm of Zot)
 x - the -2 hat of the Alchemist (worn) {rElec rPois rF+ rC+ rN+ MR+ rMut rCorr}
   (You found it on level 13 of the Dungeon)

   It protects you from fire.
   It protects you from cold.
   It insulates you from electricity.
   It protects you from poison.
   It protects you from negative energy.
   It affects your resistance to hostile enchantments.
   It protects you from acid and corrosion.
   It protects you from mutation.
 A - a +2 cloak of poison resistance
   (You took it off a draconian scorcher on level 4 of the Realm of Zot)
 B - a +2 cloak of invisibility
   (You found it on level 4 of the Shoals)
 I - a +2 pair of gloves of dexterity (worn)
   (You acquired it on level 2 of the Depths)
 R - a +5 shield of positive energy (worn)
   (You found it on level 1 of the Depths)
 V - a +2 cloak
   (You took it off a draconian scorcher on level 5 of the Realm of Zot)
 Z - a +2 pair of boots of stealth (worn)
   (You bought it in a shop on level 4 of the Depths)
Jewellery
 h - the ring "Uptuhean" (left hand) {rC+ Str+2 Int+3 Dex+4}
   (You bought it in a shop on level 3 of the Vaults)

   [ring of protection from cold]

   It affects your strength (+2).
   It affects your intelligence (+3).
   It affects your dexterity (+4).
   It protects you from cold.
 v - a +3 amulet of reflection (around neck)
   (You found it on level 5 of the Vaults)
 F - an uncursed ring of see invisible {unknown}
   (You took it off a draconian stormcaller on level 5 of the Realm of Zot)
 L - the ring "Gose" (right hand) {MR+ Str+2 Int+5}
   (You found it on level 4 of the Realm of Zot)

   [ring of strength]

   It affects your strength (+2).
   It affects your intelligence (+5).
   It affects your resistance to hostile enchantments.
Wands
 X - a wand of digging (32)
   (You found it on level 1 of the Depths)
Scrolls
 l - 10 scrolls of teleportation
 o - a scroll of summoning
 q - 2 scrolls of holy word {!r}
 r - 7 scrolls of fog
 y - 18 scrolls of remove curse
 C - 3 scrolls of blinking {!r}
 E - a scroll of magic mapping {!r}
 P - 8 scrolls of identify
 Q - 4 scrolls of fear
 T - a scroll of silence
Potions
 e - 12 potions of flight
 f - 4 potions of mutation {!q}
 i - 13 potions of brilliance
 j - 10 potions of curing
 u - 3 potions of heal wounds
 w - 4 potions of ambrosia
 D - 3 potions of agility
 M - 3 potions of magic
 O - 4 potions of might
Miscellaneous
 g - 2 phantom mirrors
 k - a fan of gales
   (You found it on level 1 of the Vaults)
 m - a lamp of fire
   (You found it on level 4 of the Depths)
 p - 2 boxes of beasts
 z - a lightning rod (4/4)
   (You found it on level 1 of the Depths)
 N - a sack of spiders
Comestibles
 c - 35 rations


   Skills:
 + Level 24.7 Fighting
 + Level 23.7 Axes
 + Level 16.0(16.3) Slings
 - Level 5.1(11.8) Throwing
 + Level 22.5 Armour
 + Level 19.7 Dodging
 - Level 15.7 Shields
 - Level 5.0 Evocations


You had 26 spell levels left.
You didn't know any spells.

Dungeon Overview and Level Annotations

Branches:
Dungeon (15/15)            Temple (0/1) D:4            Lair (6/6) D:8
 Shoals (4/4) Lair:3        Snake (4/4) Lair:4        Slime (0/5) Lair:5
    Orc (2/2) D:12            Elf (2/3) Orc:2        Vaults (5/5) D:13
  Crypt (0/3) Vaults:3     Depths (5/5) D:15           Hell (1/1)
    Dis (0/7) Hell            Geh (0/7) Hell            Coc (0/7) Hell
    Tar (0/7) Hell            Zot (5/5) Depths:5

Altars:
Ashenzari
Fedhas
Hepliaklqana
Kikubaaqudgha
Nemelex Xobeh
Okawaru
Qazlal
Ru
Trog
Uskayaw
Xom
Yredelemnul
Zin
The Shining One
Jiyva

Shops:
D:7 *   D:10 *   D:12 *   Orc:1 (   Orc:2 ([*:   Shoals:1 [   Vaults:3 =
Vaults:5 :   Depths:1 (   Depths:4 [   Depths:5 *?

Portals:
Hell: Depths:1 Depths:2 Depths:3 Depths:4 Depths:5
Abyss: Depths:4 Depths:5
Pandemonium: Depths:1 Depths:2 Depths:3
Ziggurat: Depths:5

Annotations:
D:14 exclusion: obsidian statue
Shoals:4 Baghtru's ghost, adept HOFi
Depths:2 1 runed door


Innate Abilities, Weirdness & Mutations

Armour fits poorly on your strangely shaped body.
Your magical capacity is low. (-10% MP)
Your spells are a little easier to cast, but a little less powerful.


Message History

The daeva blocks your attack.
The daeva is lightly wounded.
The daeva blocks your attack.
The daeva is lightly wounded.
Your daeva hits the daeva but does no damage.
Your daeva hits the daeva with a scimitar of holy wrath!
The daeva calls down the wrath of the Shining One upon you.
The Shining One smites you!
You slice the daeva!!
The daeva is heavily wounded.
Your daeva calls down the wrath of the Shining One upon the daeva.
The daeva is smitten.
You block the daeva's attack. The daeva hits you but does no damage.
You hit the daeva.
The daeva is severely wounded.
The daeva blocks your attack.
The daeva is severely wounded.
Your daeva calls down the wrath of the Shining One upon the daeva.
The daeva is smitten.
The daeva calls down the wrath of the Shining One upon you.
The Shining One smites you!
You slice the daeva!!
The daeva is almost dead.
Your daeva hits the daeva with a scimitar of holy wrath.
The daeva blocks your daeva's attack.
You strike the helpless daeva from behind!
You slash the daeva! Lightning courses through the daeva!
You kill the daeva!
Trog accepts your kill.
A chaos spawn comes into view.
Your daeva calls down the wrath of the Shining One upon the chaos spawn.
The chaos spawn is smitten.
There is a stone staircase leading up here.
You slice the chaos spawn!!
Lightning courses through the chaos spawn!
You kill the chaos spawn!
Trog accepts your kill.
The chaos spawn degenerates into a cloud of primal chaos!
Your daeva shimmers and vanishes!
You climb upwards.
There is a stone staircase leading down here.
(D) Dungeon (T) Temple (L) Lair (A) Shoals (P) Snake Pit (M) Slime Pits (O) Orcish Mines (E) Elven Halls (V) Vaults (C) Crypt (U) Depths (H) Hell (I) Dis (G) Gehenna (X) Cocytus (Y) Tartarus (Z) Zot
Where to? (Enter - D:1 @ (x,y), ? - help)
What level of the Dungeon? (default 1, ? - help)
An Executioner comes into view.
There is a stone staircase leading up here.
You climb upwards.
There is a stone staircase leading down here.
(D) Dungeon (T) Temple (L) Lair (A) Shoals (P) Snake Pit (M) Slime Pits (O) Orcish Mines (E) Elven Halls (V) Vaults (C) Crypt (U) Depths (H) Hell (I) Dis (G) Gehenna (X) Cocytus (Y) Tartarus (Z) Zot
Where to? (Enter - D:1 @ (x,y), ? - help)
What level of the Dungeon? (default 1, ? - help)
An Orb Guardian comes into view.
You block the Orb Guardian's attack.
You slice the Orb Guardian!!
Lightning courses through the Orb Guardian!
The Orb Guardian is heavily wounded.
You block the Orb Guardian's attack.
You slice the Orb Guardian!!
The Orb Guardian is almost dead.
The Orb Guardian hits you!!
You slash the Orb Guardian!
The Orb Guardian is almost dead.
The Orb Guardian hits you but does no damage.
You slice the Orb Guardian!!
You kill the Orb Guardian!
Trog accepts your kill.
There is a stone staircase leading up here.
You climb upwards.
There is a stone staircase leading down here.
(D) Dungeon (T) Temple (L) Lair (A) Shoals (P) Snake Pit (M) Slime Pits (O) Orcish Mines (E) Elven Halls (V) Vaults (C) Crypt (U) Depths (H) Hell (I) Dis (G) Gehenna (X) Cocytus (Y) Tartarus (Z) Zot
Where to? (Enter - D:1 @ (x,y), ? - help)
What level of the Dungeon? (default 1, ? - help)
You see here a club.
There is a stone staircase leading up here.
You climb upwards.
There is a stone staircase leading down here.
There is an open door here.
There is an open door here.
HP restored.
There is an open door here.
There is an open door here.
There is an open door here.
There is an open door here.
There is an open door here.
There is an open door here.
There is an open door here.
There is a staircase leading out of the dungeon here.
You have escaped!

#####.'.........#
#.#########.#
#.'.......#.#
##############.#.#
#......'.....#.#.#
#.##########.#.#.#
#.#....'...#.#.#.#
#.#.######.#.#.#.#
#.#.#..'@#.#.#.#.#
#.#.#..###'#'#'#'#
#'#'#'####.#.#.#.#
#.#.#.#>'..#.#.#.#
#.#.#.######.#.#.#
#.#.#...'....#.#.#
#.#.##########.#.#
#.#.....'......#.#
#.##############.#


There were no monsters in sight!

Vanquished Creatures
  6 orbs of fire
  A juggernaut (Depths:4)
  3 ancient liches (Zot:5)
  Saint Roka (Vaults:1)
  6 Killer Klowns (Zot:5)
  4 caustic shrikes (Depths:5)
  Vashnia (Snake:3)
  8 golden dragons
  Geryon (Hell)
  Xtahua (Depths:4)
  A curse toe (Zot:4)
  the Enchantress (Depths:3)
  2 bone dragons (Depths:5)
  Rupert (D:14)
  3 electric golems
  5 liches
  A hellephant (Hell)
  27 tentacled monstrosities
  27 Orb Guardians
  Asterion (Depths:1)
  5 titans (Vaults:5)
  13 quicksilver dragons
  4 krakens (Shoals:2)
  15 death cobs
  2 tentacled starspawn (Abyss:2)
  8 sphinxes
  7 shadow dragons
  16 storm dragons
  7 tengu reavers
  10 nagarajas
  A revenant (Vaults:3)
  8 fire giants
  Ilsuiw (Shoals:4)
  4 draconian monks
  12 draconian knights
  A daeva (D:5)
  13 vault wardens
  4 ghost moths
  A cacodemon (Zot:2)
  An azure jelly (shapeshifter) (Vaults:5)
  3 iron dragons
  Aizul (Depths:3)
  9 frost giants
  2 draconian stormcallers (Zot:5)
  9 draconian scorchers
  2 orc warlords
  2 ghouls
  9 draconian shifters
  A curse skull (Vaults:3)
  5 spriggan defenders
  10 ironheart preservers
  9 draconian annihilators
  6 war gargoyles
  8 reapers
  4 vampire knights
  15 stone giants
  33 very ugly things
  9 black draconians
  12 green draconians
  24 red draconians
  14 white draconians
  An orange crystal statue (WizLab)
  A deep elf annihilator (Elf:1)
  7 spark wasps
  20 yellow draconians
  2 lorocyprocas (Hell)
  9 purple draconians
  19 ettins
  2 deep elf death magi (Vaults:5)
  5 fire dragons
  2 green deaths (Depths:1)
  2 jiangshi (Depths:1)
  4 blizzard demons
  5 merfolk impalers
  20 yaktaur captains
  6 merfolk javelineers
  A minotaur (Lab)
  13 great orbs of eyes
  4 ice dragons
  8 rakshasas
  4 hydras
  4 spriggan air magi
  33 vault guards
  13 centaur warriors
  18 naga warriors
  A catoblepas (Lair:6)
  5 merfolk avatars
  Erica (Lair:1)
  A satyr (Shoals:1)
  9 anacondas
  8 merfolk aquamancers
  5 deep troll earth magi
  42 two-headed ogres
  An alligator snapping turtle (Shoals:3)
  3 death knights
  12 ogre magi
  21 dancing weapons
  4 vampire magi
  8 deep troll shamans
  10 naga sharpshooters
  6 death yaks (Lair:3)
  4 tengu warriors
  3 orc high priests (Orc:2)
  5 shock serpents
  6 spriggan berserkers
  6 soul eaters
  12 hell knights
  An iron golem (Hell)
  13 deep elf knights
  10 skeletal warriors
  A wretched star (Abyss:2)
  3 sun demons
  3 iron trolls
  3 shadow wraiths
  2 sixfirhies
  6 salamander mystics
  15 deep trolls
  A glowing orange brain (shapeshifter) (Vaults:2)
  3 flayed ghosts
  6 unseen horrors
  6 wizards
  2 glowing orange brains
  8 naga ritualists
  2 anaconda zombies (Hell)
  12 sea snakes
  Pikel (D:7)
  13 ironbrand convokers
  A shadow dragon zombie (Hell)
  3 tengu zombies
  9 deep elf archers
  8 necromancers
  12 orc knights
  11 harpies
  33 ugly things
  11 mana vipers
  A frost giant zombie (Vaults:5)
  34 deep elf magi
  3 phantasmal warriors
  7 cyclopes
  8 orc sorcerers
  2 wolf spiders
  A salamander (shapeshifter) (Vaults:1)
  10 guardian serpents
  7 manticores
  25 moths of wrath
  3 elephants
  5 centaur zombies
  17 salamanders
  41 black mambas
  5 fauns (Shoals:1)
  A water nymph (shapeshifter) (Vaults:3)
  A rust devil (Hell)
  A black mamba (shapeshifter) (Vaults:3)
  A fire giant zombie (Vaults:5)
  An ice statue (Hell)
  8 merfolk sirens
  An eye of devastation (shapeshifter) (Vaults:5)
  28 naga magi
  3 water nymphs
  16 vault sentinels
  A dire elephant zombie (Hell)
  8 spiny frogs
  A gargoyle (D:13)
  A komodo dragon (shapeshifter) (Depths:5)
  6 rime drakes
  50 yaktaurs
  A rime drake (shapeshifter) (Depths:3)
  20 freezing wraiths
  2 kobold demonologists (D:14)
  6 komodo dragons
  A yaktaur (shapeshifter) (Depths:1)
  9 ice devils
  A demonic crawler (Depths:1)
  4 anaconda simulacra
  A hellwing (Abyss:2)
  2 efreet
  3 red devils
  A queen bee (Lair:3)
  3 hydra zombies (Hell)
  5 polar bears (Lair:6)
  4 tengu conjurers
  9 trolls
  29 merfolk
  A polar bear (shapeshifter) (Depths:3)
  A wind drake (shapeshifter) (Vaults:1)
  A queen bee (shapeshifter) (Depths:1)
  3 meliai (D:15)
  A wolf spider simulacrum (IceCv)
  Grinder (D:6)
  4 wind drakes
  A tyrant leech (shapeshifter) (Vaults:5)
  An ettin zombie (D:15)
  17 slime creatures
  2 large abominations
  9 blink frogs
  2 hydra skeletons (Hell)
  A meliai zombie (D:15)
  7 snapping turtles
  8 hornets
  A dream sheep (shapeshifter) (Depths:3)
  16 dream sheep
  19 hippogriffs
  9 air elementals
  2 shadows
  A tarantella (shapeshifter) (Vaults:4)
  23 water elementals
  A fire dragon skeleton (D:15)
  A yak (shapeshifter) (Depths:2)
  53 yaks
  2 fire bats (shapeshifter)
  3 spriggans
  3 wraiths
  7 wyverns
  3 dire elephant simulacra (IceCv)
  An ettin skeleton (Vaults:5)
  A hog (shapeshifter) (Vaults:1)
  Grum (D:8)
  Eustachio (D:4)
  24 fire elementals
  4 small abominations
  2 chaos spawn
  A human (D:12)
  10 basilisks
  A golden eye (shapeshifter) (Vaults:5)
  An elf simulacrum (Vaults:5)
  4 hungry ghosts
  2 neqoxecs
  2 death yak simulacra (IceCv)
  6 vampire mosquitoes
  Menkaure (D:5)
  4 acid dragons
  3 harpy simulacra (IceCv)
  An insubstantial wisp (Depths:1)
  2 spiny frog zombies (Hell)
  8 wargs
  2 iron troll simulacra (IceCv)
  56 nagas
  A hydra simulacrum (IceCv)
  A floating eye (shapeshifter) (Depths:1)
  13 water moccasins
  2 floating eyes (Depths:3)
  9 porcupines
  3 slaves (D:7)
  6 phantoms
  An ice beast (shapeshifter) (Vaults:3)
  48 orc warriors
  An alligator simulacrum (IceCv)
  A black bear (shapeshifter) (Depths:5)
  3 ettin simulacra (IceCv)
  A black bear (D:7)
  An eye of draining (D:12)
  7 ice beasts
  A sky beast (D:5)
  22 wolves
  An eye of draining (shapeshifter) (Vaults:3)
  28 ogres
  A boggart (Depths:3)
  18 centaurs
  13 crocodiles
  7 big kobolds
  A big kobold (shapeshifter) (Vaults:5)
  Blork the orc (D:5)
  18 bullfrogs
  2 earth elementals (Elf:1)
  2 spiny frog simulacra (Hell)
  A wyvern skeleton (D:12)
  A water moccasin skeleton (D:4)
  5 scorpions
  41 killer bees
  9 wights
  3 troll skeletons (Lab)
  6 electric eels
  6 howler monkeys
  9 crimson imps
  3 lava snakes (Snake:2)
  4 bullfrog zombies
  2 human simulacra
  9 starcursed masses (Abyss:2)
  2 quasits
  3 draconian simulacra (IceCv)
  11 hounds
  2 bullfrog skeletons (D:5)
  A jelly (D:10)
  3 centaur skeletons
  29 orc priests
  24 orc wizards
  3 iron imps (Hell)
  9 worker ants
  4 iguanas
  12 hell rats
  A troll simulacrum (IceCv)
  A wolf simulacrum (IceCv)
  A polar bear simulacrum (IceCv)
  A spriggan simulacrum (IceCv)
  A hound zombie (D:10)
  An ogre skeleton (Lab)
  2 hound skeletons
  2 mummies (D:15)
  2 gnolls (D:6)
  2 ogre simulacra (IceCv)
  16 adders
  2 naga simulacra (IceCv)
  3 shadow imps
  4 white imps (IceCv)
  9 ufetubi
  3 oozes
  An adder zombie (D:5)
  3 worms
  4 dart slugs
  4 leopard geckos
  86 orcs
  8 bats
  6 giant cockroaches
  13 goblins
  6 hobgoblins
  10 jackals
  41 kobolds
  2 quokkas (D:3)
  3 ball pythons
  A frilled lizard (D:2)
  2 gnoll zombies (D:3)
  26 rats
  2 fungi
  4 plants
  A starspawn tentacle (Abyss:2)
  8 tentacles (Shoals:2)
2433 creatures vanquished.

Vanquished Creatures (collateral kills)
  An ancient lich (Zot:5)
  Bai Suzhen (Snake:4)
  2 nagarajas
  A naga warrior (Snake:2)
  A merfolk aquamancer (Shoals:1)
  2 naga sharpshooters (Snake:3)
  An entropy weaver zombie (Vaults:1)
  A naga ritualist (Snake:2)
  A deep troll (Depths:1)
  A merfolk siren (Shoals:1)
  A stone giant skeleton (Vaults:1)
  A guardian serpent (Snake:2)
  2 black mambas (Snake:2)
  11 yaktaurs
  3 slime creatures (Depths:1)
  A snapping turtle (Shoals:1)
  3 nagas (Snake:2)
  2 human zombies (Vaults:1)
36 creatures vanquished.

Vanquished Creatures (others)
  A draconian stormcaller (Zot:1)
  2 draconian annihilators
  A dancing weapon (Elf:2)
  A manticore (Shoals:2)
  A moth of wrath (Zot:1)
  5 yaktaurs (Vaults:5)
  A chaos spawn (Depths:1)
  A boggart (Depths:3)
  4 bushes (Lair:6)
  21 fungi
  53 plants
  4 starspawn tentacles (Abyss:2)
  56 tentacles (Shoals:2)
  3 withered plants (D:15)
154 creatures vanquished.

Grand Total: 2623 creatures vanquished

Notes
Turn   | Place    | Note
-------+----------+-------------------------------------------
     0 | D:1      | Mgcat the Human Berserker began the quest for the Orb.
     0 | D:1      | Reached XP level 1. HP: 18/18 MP: 1/1
   288 | D:1      | Reached XP level 2. HP: 19/24 MP: 2/2
   466 | D:1      | Reached XP level 3. HP: 27/29 MP: 3/3
  1057 | D:2      | Reached ** piety under Trog
  1070 | D:2      | Found a bloodstained altar of Trog.
  1070 | D:2      | Noticed a moth of wrath
  1083 | D:2      | HP: 8/45 [worm (7)]
  1315 | D:2      | Reached XP level 4. HP: 35/37 MP: 4/4
  1404 | D:2      | Reached skill level 4 in Fighting
  1404 | D:2      | Reached skill level 4 in Axes
  2112 | D:3      | Reached XP level 5. HP: 35/42 MP: 5/5
  2274 | D:3      | Reached *** piety under Trog
  2281 | D:3      | Found a basalt altar of Yredelemnul.
  2501 | D:3      | Reached XP level 6. HP: 49/50 MP: 6/6
  2853 | D:4      | Reached skill level 5 in Fighting
  2853 | D:4      | Reached skill level 5 in Axes
  2905 | D:4      | HP: 11/51 [water moccasin skeleton (6)]
  3146 | D:4      | Found a staircase to the Ecumenical Temple.
  3212 | D:4      | Reached XP level 7. HP: 47/56 MP: 7/7
  3573 | D:4      | Noticed Eustachio
  3601 | D:4      | Killed Eustachio
  3601 | D:4      | Reached skill level 6 in Fighting
  3601 | D:4      | Reached skill level 6 in Axes
  3933 | D:5      | Entered Level 5 of the Dungeon
  3933 | D:5      | Found a hide-covered altar of Uskayaw.
  3973 | D:5      | Noticed Menkaure
  3989 | D:5      | Killed Menkaure
  3989 | D:5      | Reached skill level 1 in Throwing
  3989 | D:5      | Reached XP level 8. HP: 65/65 MP: 8/8
  3998 | D:5      | Noticed a dagger
  4001 | D:5      | Noticed a dagger
  4006 | D:5      | Found a glowing silver altar of Zin.
  4051 | D:5      | Noticed Blork the orc
  4068 | D:5      | Killed Blork the orc
  4068 | D:5      | Reached skill level 2 in Throwing
  4070 | D:5      | Found a hazy altar of Hepliaklqana.
  4097 | D:5      | Found Dogg's Serpentskin Sales.
  4266 | D:5      | Reached **** piety under Trog
  4266 | D:5      | Reached skill level 7 in Fighting
  4266 | D:5      | Reached skill level 7 in Axes
  4328 | D:5      | Reached skill level 3 in Throwing
  4994 | D:6      | Got an ancient leather armour
  5005 | D:6      | Identified the +1 leather armour of Kyphuown {rElec} (You found it on level 6 of the Dungeon)
  5072 | D:6      | Reached XP level 9. HP: 41/72 MP: 9/9
  5244 | D:6      | Found a sparkling altar of Nemelex Xobeh.
  5282 | D:6      | Received a gift from Trog
  5282 | D:6      | Reached skill level 8 in Axes
  5304 | D:6      | Reached skill level 8 in Fighting
  5374 | D:6      | Found an iron altar of Okawaru.
  5494 | D:6      | Noticed Grinder
  5502 | D:6      | Killed Grinder
  5807 | D:7      | Noticed Pikel
  5821 | D:7      | Reached skill level 4 in Throwing
  5825 | D:7      | Killed Pikel
  5954 | D:7      | Reached skill level 9 in Fighting
  5954 | D:7      | Reached skill level 9 in Axes
  5957 | D:7      | Reached XP level 10. HP: 83/83 MP: 10/10
  5961 | D:7      | Reached skill level 5 in Throwing
  5969 | D:7      | HP: 20/83 [hound (2)]
  6131 | D:7      | Found Fittiet's General Store.
  6151 | D:7      | Bought a +1 chain mail of cold resistance for 214 gold pieces
  6370 | D:7      | Found a stormy altar of Qazlal.
  6425 | D:7      | Reached skill level 3 in Armour
  6560 | D:7      | Found an ancient bone altar of Kikubaaqudgha.
  6644 | D:7      | Got an encrusted hunting sling
  6645 | D:7      | Identified the +10 hunting sling "Leahi" {velocity, MR+ Int-3 Dex+2 SInv} (You found it on level 7 of the Dungeon)
  7306 | D:8      | Noticed a two-headed ogre
  7458 | D:8      | Found a blossoming altar of Fedhas.
  7529 | D:7      | Received a gift from Trog
  7529 | D:7      | Reached skill level 1 in Slings
  7622 | D:8      | Killed a two-headed ogre
  7622 | D:8      | Reached skill level 2 in Slings
  7622 | D:8      | Reached skill level 4 in Armour
  7637 | D:8      | Reached skill level 10 in Axes
  7638 | D:8      | Found a staircase to the Lair.
  7803 | D:8      | Noticed Grum
  7808 | D:8      | Reached skill level 10 in Fighting
  7814 | D:8      | Killed Grum
  7958 | D:8      | Found a glowing golden altar of the Shining One.
  8014 | D:8      | Reached XP level 11. HP: 90/90 MP: 11/11
  8025 | D:8      | Reached skill level 3 in Slings
  8458 | D:9      | Reached skill level 5 in Armour
  8504 | D:9      | Got a polished ring mail
  8517 | D:9      | Identified the +3 ring mail "Fiaj" {+Blink rN+ SInv} (You found it on level 9 of the Dungeon)
  8607 | D:9      | Reached ***** piety under Trog
  8689 | D:9      | Found a sacrificial altar of Ru.
  8727 | D:9      | Got a slimy leather armour
  8738 | D:9      | Identified the +1 leather armour of the Shining Light {Str+3} (You found it on level 9 of the Dungeon)
  9010 | D:9      | Reached skill level 1 in Shields
  9062 | D:10     | Entered Level 10 of the Dungeon
  9090 | D:10     | Noticed a two-headed ogre
  9178 | D:10     | Received a gift from Trog
  9275 | D:10     | Reached skill level 2 in Shields
  9279 | D:10     | Killed a two-headed ogre
  9279 | D:10     | Reached skill level 4 in Slings
  9287 | D:10     | Found Niugosen's Assorted Antiques.
  9316 | D:10     | Noticed an unseen horror
  9325 | D:10     | Killed an unseen horror
  9438 | D:10     | Reached skill level 3 in Shields
  9476 | D:10     | Identified Qukke's Disquisition on Captivating Black Magic
  9490 | D:10     | Reached skill level 6 in Armour
  9498 | D:10     | Received a gift from Trog
 10090 | D:11     | Found a labyrinth entrance.
 10099 | Lab      | Entered a labyrinth
 10176 | Lab      | Noticed a minotaur
 10180 | Lab      | Received a gift from Trog
 10190 | Lab      | HP: 18/138 [minotaur/scimitar of holy wrath (23)]
 10204 | Lab      | HP: 16/92 [minotaur/scimitar of holy wrath (17)]
 10207 | Lab      | HP: 7/92 [minotaur/scimitar of holy wrath (15)]
 10207 | Lab      | HP: 3/92 [minotaur/scimitar of holy wrath (4)]
 10254 | Lab      | Killed a minotaur
 10254 | Lab      | Reached skill level 5 in Slings
 10255 | Lab      | HP: 29/138 [troll skeleton (6)]
 10385 | Lab      | Got an ancient steel ring
 10414 | D:11     | Reached XP level 12. HP: 72/99 MP: 12/12
 10479 | D:11     | Reached skill level 4 in Shields
 10487 | D:11     | Reached skill level 11 in Axes
 10489 | D:11     | Reached skill level 11 in Fighting
 10945 | D:11     | Reached skill level 7 in Armour
 11058 | D:11     | Noticed an unseen horror
 11070 | D:11     | Killed an unseen horror
 11070 | D:11     | Reached skill level 6 in Slings
 11243 | D:11     | Noticed a two-headed ogre
 11252 | D:11     | Killed a two-headed ogre
 11609 | D:11     | Identified the ring "Gefero Weada" {Fire Int+6} (You found it in a labyrinth)
 11768 | Lair:1   | Entered Level 1 of the Lair of Beasts
 11859 | Lair:1   | Received a gift from Trog
 11956 | Lair:1   | Noticed Erica
 11966 | Lair:1   | Killed Erica
 12344 | Lair:1   | Noticed a six-headed hydra
 12353 | Lair:1   | Killed a six-headed hydra
 12353 | Lair:1   | Reached skill level 7 in Slings
 12353 | Lair:1   | Reached skill level 8 in Armour
 12510 | Lair:1   | Noticed a seven-headed hydra
 12519 | Lair:1   | Killed a seven-headed hydra
 12519 | Lair:1   | Reached XP level 13. HP: 92/107 MP: 13/13
 12720 | Lair:2   | Found a sacrificial altar of Ru.
 12909 | Lair:2   | Reached skill level 12 in Axes
 13021 | Lair:2   | Reached skill level 12 in Fighting
 13945 | Lair:3   | HP: 26/108 [spiny frog (9)]
 13950 | Lair:3   | Reached skill level 8 in Slings
 14197 | Lair:3   | Reached skill level 9 in Armour
 14205 | Lair:3   | Received a gift from Trog
 14301 | Lair:3   | Reached skill level 5 in Shields
 14344 | Lair:3   | Found a staircase to the Shoals.
 14458 | Lair:3   | Received a gift from Trog
 14683 | Lair:3   | Got a shimmering leather armour
 14716 | Lair:3   | Identified the cursed +1 leather armour "Kiuthini" {rElec rPois} (You found it on level 3 of the Lair of Beasts)
 15612 | Lair:4   | Reached XP level 14. HP: 116/116 MP: 14/14
 15878 | Lair:4   | Received a gift from Trog
 15933 | Lair:4   | Found a staircase to the Snake Pit.
 16026 | Lair:4   | Reached skill level 9 in Slings
 16026 | Lair:4   | Reached skill level 6 in Shields
 16515 | Lair:5   | Found a staircase to the Slime Pits.
 16516 | Lair:5   | Found a viscous altar of Jiyva.
 17019 | Lair:6   | Entered Level 6 of the Lair of Beasts
 17057 | Lair:6   | Reached skill level 10 in Armour
 17121 | Lair:6   | Reached skill level 13 in Fighting
 17121 | Lair:6   | Reached skill level 13 in Axes
 17282 | Lair:6   | Paralysed by a hornet for 1 turns
 17367 | Lair:6   | HP: 43/177 [rime drake/flash freeze (7)]
 17371 | Lair:6   | Received a gift from Trog
 17372 | Lair:6   | HP: 43/177 [poisoned by a hornet]
 17377 | Lair:6   | HP: 29/118 [poisoned by a hornet]
 17382 | Lair:6   | HP: 28/118 [poisoned by a hornet]
 17388 | Lair:6   | HP: 27/118 [poisoned by a hornet]
 17393 | Lair:6   | HP: 27/118 [poisoned by a hornet]
 17398 | Lair:6   | HP: 27/118 [poisoned by a hornet]
 17529 | Lair:6   | Reached skill level 7 in Shields
 17719 | Lair:6   | Found the +4 moon troll leather armour {Spirit, Regen++ MP+5}
 17772 | Lair:6   | Got a twisted leather armour
 17803 | Lair:6   | Identified the +2 leather armour "Conoateh" {-Cast Slay+4} (You found it on level 6 of the Lair of Beasts)
 17948 | Lair:6   | Reached ****** piety under Trog
 18031 | Lair:6   | Reached skill level 10 in Slings
 18223 | Lair:6   | Reached XP level 15. HP: 110/124 MP: 15/15
 18800 | D:12     | Received a gift from Trog
 18890 | D:12     | Found a staircase to the Orcish Mines.
 18890 | D:12     | Found a blossoming altar of Fedhas.
 19011 | D:12     | Found Xounuoz's Assorted Antiques.
 19016 | D:12     | Bought a scroll labeled DOOR URHUAZUZI for 24 gold pieces
 19523 | Orc:1    | Entered Level 1 of the Orcish Mines
 19575 | Orc:1    | Noticed an orc warlord
 19609 | Orc:1    | Killed an orc warlord
 19610 | Orc:1    | Reached skill level 8 in Shields
 19788 | Orc:2    | Entered Level 2 of the Orcish Mines
 19824 | Orc:2    | Found a staircase to the Elven Halls.
 20547 | Orc:2    | Noticed an orc warlord
 20557 | Orc:2    | Reached skill level 11 in Armour
 20568 | Orc:2    | Killed an orc warlord
 20696 | Orc:2    | Received a gift from Trog
 21255 | Orc:2    | Found Ycesaes's General Store.
 21256 | Orc:2    | Found Inwuta's Book Shop.
 21257 | Orc:2    | Found Igeudetewn's Antique Armour Shop.
 21257 | Orc:2    | Found Setir's Antique Weapon Boutique.
 21261 | Orc:2    | Bought a translucent shield for 294 gold pieces
 21271 | Orc:2    | Identified the +3 shield of Royv {rElec} (You bought it in a shop on level 2 of the Orcish Mines)
 21521 | Orc:1    | Found Fanunga's Antique Weapon Emporium.
 21888 | D:13     | Found a gate to the Vaults.
 21941 | D:13     | Reached skill level 14 in Fighting
 21961 | D:13     | Reached skill level 11 in Slings
 21961 | D:13     | Reached skill level 9 in Shields
 21996 | D:13     | Reached skill level 14 in Axes
 21996 | D:13     | Reached XP level 16. HP: 126/133 MP: 16/16
 22027 | D:13     | Found the -2 hat of the Alchemist {rElec rPois rF+ rC+ rN+ MR+ rMut rCorr}
 22062 | D:13     | Received a gift from Trog
 22882 | D:14     | Noticed Rupert
 22900 | D:14     | Killed Rupert
 23037 | D:14     | Found the cursed +13 scythe of Curses {drain, *Curse}
 23244 | D:15     | Entered Level 15 of the Dungeon
 23914 | D:15     | Reached skill level 12 in Armour
 23916 | D:15     | Found a staircase to the Depths.
 24229 | D:15     | Received a gift from Trog
 24671 | Snake:1  | Entered Level 1 of the Snake Pit
 24744 | Snake:1  | Reached skill level 10 in Shields
 24786 | Snake:1  | Found a shimmering altar of Xom.
 24879 | Snake:1  | Received a gift from Trog
 25226 | Snake:1  | Received a gift from Trog
 25249 | Snake:1  | Reached XP level 17. HP: 68/140 MP: 15/17
 25904 | Snake:1  | Reached skill level 15 in Fighting
 25996 | Snake:1  | Reached skill level 15 in Axes
 26270 | Snake:2  | HP: 35/142 [naga/hand axe (7)]
 26282 | Snake:2  | HP: 35/142 [naga warrior/enchanted dire flail (7)]
 26284 | Snake:2  | HP: 14/142 [naga warrior/enchanted dire flail (13)]
 26289 | Snake:2  | HP: 22/142 [black mamba (6)]
 26298 | Snake:2  | HP: 34/142 [guardian serpent/bolt of poison (3)]
 26505 | Snake:2  | Reached skill level 11 in Shields
 26597 | Snake:2  | Received a gift from Trog
 26597 | Snake:2  | Reached skill level 13 in Armour
 27025 | Snake:2  | Got an iridescent battleaxe {chop}
 27026 | Snake:2  | Identified the +6 battleaxe "Totamn" {chop, +Rage rC+ Int+3} (You took it off a naga mage on level 2 of the Snake Pit)
 27035 | Snake:2  | Reached XP level 18. HP: 106/150 MP: 18/18
 27082 | Snake:2  | Received a gift from Trog
 27533 | Snake:2  | HP: 35/151 [nagaraja (8)]
 27538 | Snake:2  | HP: 21/151 [poisoned by a nagaraja (splash of poison)]
 27543 | Snake:2  | HP: 19/151 [poisoned by a nagaraja (splash of poison)]
 27548 | Snake:2  | HP: 19/151 [poisoned by a nagaraja (splash of poison)]
 27555 | Snake:2  | HP: 22/151 [poisoned by a nagaraja (splash of poison)]
 27563 | Snake:2  | HP: 31/151 [poisoned by a nagaraja (splash of poison)]
 27564 | Snake:2  | Received a gift from Trog
 28452 | Snake:3  | Received a gift from Trog
 28609 | Snake:3  | Noticed Vashnia
 28610 | Snake:3  | HP: 34/151 [nagaraja/halberd (4)]
 28616 | Snake:3  | HP: 27/151 [poisoned by a nagaraja (bolt of poison)]
 28621 | Snake:3  | HP: 25/151 [poisoned by a nagaraja (bolt of poison)]
 28627 | Snake:3  | HP: 24/151 [poisoned by a nagaraja (bolt of poison)]
 28633 | Snake:3  | HP: 24/151 [poisoned by a nagaraja (bolt of poison)]
 28641 | Snake:3  | HP: 25/151 [poisoned by a nagaraja (bolt of poison)]
 29109 | Snake:3  | Reached XP level 19. HP: 80/157 MP: 17/19
 29137 | Snake:3  | Killed Vashnia
 29540 | Snake:3  | Reached skill level 16 in Fighting
 29619 | Snake:3  | Reached skill level 16 in Axes
 29675 | Snake:3  | Reached skill level 3 in Dodging
 29676 | Snake:3  | Received a gift from Trog
 30261 | Snake:4  | Entered Level 4 of the Snake Pit
 30342 | Snake:4  | Found a bloodstained altar of Trog.
 30380 | Snake:4  | Received a gift from Trog
 30883 | Snake:4  | Reached skill level 12 in Shields
 30904 | Snake:4  | Noticed Bai Suzhen
 30916 | Snake:4  | Killed Bai Suzhen
 30916 | Snake:4  | Reached skill level 4 in Dodging
 31810 | Snake:4  | Reached skill level 14 in Armour
 32016 | Snake:4  | Reached skill level 5 in Dodging
 32091 | Snake:4  | Received a gift from Trog
 32687 | Snake:4  | Received a gift from Trog
 32772 | Snake:4  | Got a serpentine rune of Zot
 32986 | Shoals:1 | Entered Level 1 of the Shoals
 33021 | Shoals:1 | Reached XP level 20. HP: 166/166 MP: 20/20
 33540 | Shoals:1 | Received a gift from Trog
 33608 | Shoals:1 | Found Xawusi's Antique Armour Shop.
 33631 | Shoals:1 | Bought a smoking plate armour for 868 gold pieces
 33641 | Shoals:1 | Identified the cursed +0 plate armour of Slovenliness {+Blink MR+ Int+2} (You bought it in a shop on level 1 of the Shoals)
 33695 | Shoals:1 | Reached skill level 6 in Dodging
 33771 | Shoals:1 | Received a gift from Trog
 34390 | Shoals:2 | Received a gift from Trog
 34787 | Shoals:2 | Reached skill level 1 in Evocations
 35396 | Shoals:2 | Reached skill level 13 in Shields
 35417 | Shoals:2 | Received a gift from Trog
 35659 | Shoals:2 | Reached skill level 2 in Evocations
 35809 | Shoals:3 | Found a transporter.
 36014 | Shoals:3 | Found a transporter.
 36073 | Shoals:3 | Reached skill level 7 in Dodging
 36590 | Shoals:3 | Got a flickering marble ring
 36599 | Shoals:3 | Got an ancient bone ring
 36605 | Shoals:3 | Identified the ring "Iczeivva" {rC+ Str+2 Int+4} (You found it on level 3 of the Shoals)
 36607 | Shoals:3 | Identified the ring "Ciudinas" {+Fly rPois} (You found it on level 3 of the Shoals)
 36649 | Shoals:4 | Entered Level 4 of the Shoals
 36667 | Shoals:4 | Reached skill level 3 in Evocations
 37364 | Shoals:3 | Reached skill level 17 in Fighting
 37456 | Shoals:4 | Reached skill level 17 in Axes
 37572 | Shoals:4 | Got a barnacled rune of Zot
 37674 | Shoals:4 | Noticed Ilsuiw
 37702 | Shoals:4 | Killed Ilsuiw
 37799 | Shoals:4 | Noticed Baghtru's ghost (adept HOFi)
 37803 | Shoals:4 | Reached skill level 4 in Evocations
 38147 | Elf:1    | Entered Level 1 of the Elven Halls
 38182 | Elf:1    | Received a gift from Trog
 38182 | Elf:1    | Reached XP level 21. HP: 149/174 MP: 20/24
 38348 | Elf:1    | Found a frozen archway.
 38354 | IceCv    | Entered an ice cave
 38562 | IceCv    | Received a gift from Trog
 38639 | IceCv    | Received a gift from Trog
 39453 | Elf:1    | Reached skill level 8 in Dodging
 39499 | Elf:1    | Reached skill level 15 in Armour
 39665 | Elf:1    | Received a gift from Trog
 39862 | Elf:1    | Received a gift from Trog
 40095 | Elf:2    | Reached skill level 5 in Evocations
 40244 | Elf:2    | Received a gift from Trog
 40376 | Elf:2    | Cast into level 2 of the Abyss (hand axe of distortion)
 40460 | Abyss:2  | Found a corrupted altar of Lugonu.
 40610 | Abyss:2  | Paralysed by accursed screaming for 1 turns
 40614 | Abyss:2  | Paralysed by accursed screaming for 1 turns
 40663 | Elf:2    | Escaped the Abyss
 40917 | Elf:2    | Found a runed gate.
 40917 | Elf:2    | Found a runed gate.
 40917 | Elf:2    | Found a runed gate.
 41114 | Elf:2    | Reached skill level 9 in Dodging
 41123 | Elf:2    | Received a gift from Trog
 41123 | Elf:2    | Reached skill level 14 in Shields
 41707 | Vaults:1 | Entered Level 1 of the Vaults
 41758 | Vaults:1 | Reached XP level 22. HP: 183/183 MP: 25/25
 41915 | Vaults:1 | Found a ruined gateway.
 42258 | Vaults:1 | Received a gift from Trog
 42309 | Vaults:1 | Noticed Saint Roka
 42313 | Vaults:1 | HP: 41/183 [vault warden/war axe of venom (5)]
 42314 | Vaults:1 | HP: 19/183 [deep elf archer/arrow (25)]
 42314 | Vaults:1 | HP: 6/183 [Saint Roka/divine providence (6)]
 42320 | Vaults:1 | HP: 16/183 [poisoned by a vault warden]
 42326 | Vaults:1 | HP: 21/183 [yaktaur/bolt[a vault warden] (4)]
 42335 | Vaults:1 | HP: 26/183 [yaktaur/bolt[a vault warden] (2)]
 42886 | Vaults:1 | Killed Saint Roka
 42886 | Vaults:1 | Reached skill level 10 in Dodging
 43123 | Vaults:1 | Reached skill level 18 in Fighting
 43419 | Vaults:1 | Reached skill level 18 in Axes
 43838 | Vaults:2 | Found a flickering gateway to a bazaar.
 43847 | Bazaar   | Entered a bazaar
 43847 | Bazaar   | Found Livil's Gadget Emporium.
 43847 | Bazaar   | Found Deotoh's Magic Scroll Shoppe.
 43847 | Bazaar   | Found Ceematam's Weapon Emporium.
 43849 | Bazaar   | Found Itwerini's Antique Armour Shoppe.
 43865 | Bazaar   | Bought a pair of embroidered boots for 195 gold pieces
 43879 | Bazaar   | Bought a scroll of magic mapping for 45 gold pieces
 43879 | Bazaar   | Bought a scroll of enchant weapon for 97 gold pieces
 43879 | Bazaar   | Bought a scroll of blinking for 97 gold pieces
 43879 | Bazaar   | Bought a scroll of teleportation for 39 gold pieces
 43879 | Bazaar   | Bought a scroll of identify for 26 gold pieces
 43879 | Bazaar   | Bought a scroll of identify for 26 gold pieces
 43891 | Vaults:2 | Found a shattered altar of Ashenzari.
 44122 | Vaults:2 | Reached skill level 16 in Armour
 44254 | Vaults:2 | Received a gift from Trog
 44547 | Vaults:2 | Received a gift from Trog
 45162 | Vaults:3 | Received a gift from Trog
 45248 | Vaults:3 | Reached XP level 23. HP: 148/190 MP: 19/26
 45377 | Vaults:3 | Reached skill level 15 in Shields
 45781 | Vaults:3 | Found a staircase to the Crypt.
 45841 | Vaults:3 | Reached skill level 11 in Dodging
 45926 | Vaults:3 | Found Yfrecewy's Jewellery Shoppe.
 45934 | Vaults:3 | Bought the ring "Uptuhean" {rC+ Str+2 Int+3 Dex+4} for 661 gold pieces
 46815 | Vaults:4 | Received a gift from Trog
 47705 | Depths:1 | Entered Level 1 of the Depths
 47748 | Depths:1 | Found a runed gate.
 47748 | Depths:1 | Found a runed gate.
 47748 | Depths:1 | Found a runed gate.
 48065 | Depths:1 | Paralysed by a floating eye for 4 turns
 48077 | Depths:1 | Paralysed by a floating eye for 2 turns
 48267 | Depths:1 | Found the +6 shillelagh "Devastator" {shatter}
 48333 | Depths:1 | Received a gift from Trog
 48565 | Depths:1 | Reached XP level 24. HP: 187/200 MP: 25/26
 48622 | Depths:1 | Found Jukoosk's Weapon Boutique.
 48634 | Depths:1 | Noticed Asterion
 48678 | Depths:1 | Killed Asterion
 49129 | Depths:1 | Found a gateway to Hell.
 49195 | Depths:1 | Reached skill level 17 in Armour
 49195 | Depths:1 | Reached skill level 12 in Dodging
 49393 | Depths:1 | Found a one-way gate leading to the halls of Pandemonium.
 49492 | Depths:1 | Found a portal to a secret trove of treasure.
 49583 | Depths:1 | Reached skill level 19 in Fighting
 49605 | Depths:1 | Reached skill level 19 in Axes
 49784 | Depths:2 | Received a gift from Trog
 49896 | Depths:2 | Identified a scroll of acquirement
 50647 | Depths:2 | Found a runed door.
 50669 | Depths:2 | Received a gift from Trog
 51304 | Depths:3 | Reached skill level 13 in Dodging
 51307 | Depths:3 | Noticed Aizul
 51318 | Depths:3 | Paralysed by a floating eye for 3 turns
 51342 | Depths:3 | Killed Aizul
 51478 | Depths:3 | Received a gift from Trog
 51480 | Depths:3 | Reached XP level 25. HP: 184/208 MP: 25/26
 51792 | Depths:3 | Noticed the Enchantress
 51821 | Depths:3 | Killed the Enchantress
 51839 | Depths:3 | Got faerie dragon scales
 52697 | Depths:4 | Found a magical portal.
 52715 | WizLab   | Entered Wucad Mu's Monastery
 53107 | WizLab   | Found the +9 staff of Wucad Mu {channel}
 53166 | WizLab   | Reached skill level 18 in Armour
 53166 | WizLab   | Reached XP level 26. HP: 206/217 MP: 26/26
 53424 | Depths:4 | Found Uboeff's Armour Shoppe.
 53435 | Depths:4 | Received a gift from Trog
 53466 | Depths:4 | Bought a +2 pair of boots of stealth for 279 gold pieces
 53486 | Depths:4 | Identified the +4 faerie dragon scales {rCorr Str-5 Dex+2 SInv} (You took it off the Enchantress on level 3 of the Depths)
 53557 | Depths:4 | Reached skill level 20 in Fighting
 53557 | Depths:4 | Reached skill level 14 in Dodging
 53592 | Depths:4 | Received a gift from Trog
 53592 | Depths:4 | Reached skill level 20 in Axes
 53704 | Depths:4 | Received a gift from Trog
 53865 | Depths:4 | Got a warped plate armour
 53876 | Depths:4 | Identified the +5 plate armour "Karatunn" {*Contam Dex+5 Stlth+} (You found it on level 4 of the Depths)
 54050 | Depths:4 | Received a gift from Trog
 54054 | Depths:4 | Noticed a juggernaut
 54072 | Depths:4 | Killed a juggernaut
 54216 | Depths:4 | Found a one-way gate to the infinite horrors of the Abyss.
 54231 | Depths:4 | Found the +3 robe of Folly {Archmagi, MR-- Int+5}
 54240 | Depths:4 | Noticed Xtahua
 54262 | Depths:4 | Killed Xtahua
 54691 | Depths:5 | Entered Level 5 of the Depths
 54765 | Depths:5 | Reached XP level 27. HP: 226/226 MP: 21/26
 54773 | Depths:5 | Received a gift from Trog
 54804 | Depths:5 | Got a translucent broad axe {god gift}
 54897 | Depths:5 | Reached skill level 21 in Fighting
 55058 | Depths:5 | Reached skill level 19 in Armour
 55058 | Depths:5 | Reached skill level 15 in Dodging
 55081 | Depths:5 | Got a bloodstained leather armour
 55101 | Depths:5 | Found a gateway to a ziggurat.
 55102 | Depths:5 | Identified the +1 broad axe of Mourning {antimagic, rElec Int+4} (Trog gifted it to you on level 5 of the Depths)
 55217 | Depths:5 | Found Ykyshrun's General Store.
 55222 | Depths:5 | Found Sauc's Magic Scroll Shoppe.
 55241 | Depths:5 | Bought a scroll of blinking for 75 gold pieces
 55317 | Depths:5 | Found a gate to the Realm of Zot.
 55754 | Vaults:5 | Entered Level 5 of the Vaults
 55962 | Vaults:5 | Received a gift from Trog
 56398 | Vaults:5 | Reached skill level 21 in Axes
 56434 | Vaults:5 | Reached skill level 22 in Fighting
 56558 | Vaults:5 | Got a glittering platinum amulet
 56668 | Vaults:5 | Identified the amulet "Uhaz" {RegenMP *Slow Str+3 Stlth+} (You took it off an ironheart preserver on level 5 of the Vaults)
 56843 | Vaults:5 | Reached skill level 16 in Dodging
 56954 | Vaults:5 | Received a gift from Trog
 56981 | Vaults:5 | Found Zygum's Book Shop.
 57185 | Vaults:5 | Received a gift from Trog
 57203 | Vaults:5 | Got a silver rune of Zot
 57868 | Vaults:5 | Reached skill level 20 in Armour
 58087 | Hell     | Entered the Vestibule of Hell
 58087 | Hell     | Noticed Geryon
 58112 | Hell     | Killed Geryon
 58123 | Hell     | Received a gift from Trog
 58549 | Hell     | Found a gateway to the decaying netherworld of Tartarus.
 58725 | Hell     | Found a gateway to the Iron City of Dis.
 58832 | Hell     | Found a gateway to the freezing wastes of Cocytus.
 58991 | Hell     | Found a gateway to the ashen valley of Gehenna.
 59165 | Depths:1 | You paid a toll of the horn of Geryon to enter a treasure trove
 59166 | Trove    | Entered a treasure trove
 59356 | Zot:1    | Entered Level 1 of the Realm of Zot
 59723 | Zot:1    | Reached skill level 17 in Dodging
 59727 | Zot:1    | Received a gift from Trog
 59808 | Zot:1    | Gained mutation: Your spells are a little easier to cast, but a little less powerful. [mutagenic glow]
 59868 | Zot:1    | Reached skill level 12 in Slings
 60038 | Zot:1    | Received a gift from Trog
 60109 | Zot:1    | Reached skill level 23 in Fighting
 60135 | Zot:1    | Received a gift from Trog
 60277 | Zot:1    | Reached skill level 22 in Axes
 60582 | Zot:1    | Got a bloodstained helmet
 60583 | Zot:1    | Identified the +0 helmet of Death Resistance {Stlth+} (You found it on level 1 of the Realm of Zot)
 61258 | Zot:1    | Noticed an orb of fire
 61263 | Zot:1    | Gained mutation: Your magical capacity is low. (-10% MP) [an orb of fire]
 61293 | Zot:1    | Killed an orb of fire
 61860 | D:12     | Bought a potion of might for 96 gold pieces
 62319 | Zot:2    | Received a gift from Trog
 62432 | Zot:2    | Noticed an orb of fire
 62450 | Zot:2    | Killed an orb of fire
 62450 | Zot:2    | Reached skill level 13 in Slings
 62671 | Zot:2    | Received a gift from Trog
 62749 | Zot:2    | Reached skill level 21 in Armour
 62960 | Zot:2    | Received a gift from Trog
 63427 | Zot:2    | Reached skill level 18 in Dodging
 63472 | Zot:2    | Noticed an orb of fire
 63489 | Zot:2    | Killed an orb of fire
 64481 | Zot:3    | Reached skill level 14 in Slings
 64490 | Zot:3    | Received a gift from Trog
 64595 | Zot:3    | Noticed an orb of fire
 64612 | Zot:3    | Killed an orb of fire
 65751 | Zot:4    | Got a twitching lead ring
 65752 | Zot:4    | Identified the ring "Gose" {MR+ Str+2 Int+5} (You found it on level 4 of the Realm of Zot)
 65791 | Zot:4    | Reached skill level 23 in Axes
 65910 | Zot:4    | Reached skill level 24 in Fighting
 66244 | Zot:5    | Entered Level 5 of the Realm of Zot
 66330 | Zot:5    | Received a gift from Trog
 66928 | Zot:5    | Noticed an ancient lich
 66929 | Zot:5    | Noticed an ancient lich
 66960 | Zot:5    | Killed an ancient lich
 66963 | Zot:5    | Killed an ancient lich
 66963 | Zot:5    | Reached skill level 15 in Slings
 66963 | Zot:5    | Reached skill level 19 in Dodging
 67323 | Zot:5    | Reached skill level 22 in Armour
 67408 | Zot:5    | Received a gift from Trog
 67479 | Zot:5    | Noticed an orb of fire
 67508 | Zot:5    | Killed an orb of fire
 67516 | Zot:5    | Noticed an ancient lich
 67526 | Zot:5    | HP: 20/239 [ancient lich/iron shot (48)]
 67530 | Zot:5    | Killed an ancient lich
 68063 | Zot:5    | Noticed an orb of fire
 68071 | Zot:5    | Gained mutation: Your system is resistant to poisons. (rPois) [an orb of fire]
 68078 | Zot:5    | Killed an orb of fire
 68351 | Zot:5    | Got a shimmering robe
 68890 | Zot:5    | Lost mutation: Your system is resistant to poisons. (rPois) [a Zot trap]
 68970 | Zot:5    | Noticed an ancient lich
 68982 | Zot:5    | Killed an ancient lich
 69513 | Zot:5    | Got the Orb of Zot
 69580 | Zot:2    | Reached skill level 16 in Slings
 69580 | Zot:2    | Gained mutation: Armour fits poorly on your strangely shaped body. [a cacodemon]
 69682 | Zot:1    | Noticed Deygriyxtupp the pandemonium lord
 70139 | D:$      | Escaped with the Orb!

Skill      XL: |  1  2  3  4  5  6  7  8  9 10 11 12 13 14 15 16 17 18 19 20 21 22 23 24 25 26 27 |
---------------+----------------------------------------------------------------------------------+-----
Fighting       | 4 5 6 7 9 10 11 12 13 14 15 16 17 18 19 20 24 | 24.7
Axes           | 4 5 6 7 9 10 11 12 13 14 15 16 17 18 19 20 23 | 23.7
Throwing       | 1 3 4 5 |  5.1
Armour         | 4 6 8 9 10 11 12 13 14 15 16 17 18 22 | 22.5
Slings         | 2 5 7 8 10 11 16 | 16.0
Shields        | 3 4 5 7 9 10 11 12 13 14 15 | 15.7
Dodging        | 5 7 9 10 11 13 14 19 | 19.7
Evocations     | 4 5 |  5.0

Action                   |  1- 3 |  4- 6 |  7- 9 | 10-12 | 13-15 | 16-18 | 19-21 | 22-24 | 25-27 || total
-------------------------+-------+-------+-------+-------+-------+-------+-------+-------+-------++-------
Melee: Hand axe          |    90 |   242 |   294 |   136 |       |       |       |       |       ||   762
       Whip              |       |       |    16 |   109 |       |       |       |       |       ||   125
       War axe           |       |       |       |   297 |   929 |  1051 |  1507 |   442 |       ||  4226
       Broad axe         |       |       |       |       |    47 |       |       |  1096 |  3220 ||  4363
 Fire: Hunting sling     |     1 |     4 |       |   180 |   346 |   132 |   666 |   107 |   163 ||  1599
Throw: Tomahawk          |       |       |    10 |     6 |       |       |       |       |       ||    16
       Stone             |       |       |       |       |     8 |       |       |       |       ||     8
       Javelin           |       |       |       |       |       |       |     2 |     1 |    10 ||    13
Invok: Berserk           |     2 |     4 |    12 |    18 |    22 |    13 |    25 |    16 |    21 ||   133
       Trog's Hand       |       |     2 |     3 |     5 |     9 |     8 |    22 |    18 |    59 ||   126
       Burn Spellbooks   |       |       |     2 |     2 |     4 |     5 |     5 |     1 |     8 ||    27
       Brothers in Arms  |       |       |       |       |     1 |     5 |     4 |     9 |     6 ||    25
 Abil: Evoke Invisibilit |       |       |       |       |       |       |     1 |       |       ||     1
       Evoke Flight      |       |       |       |       |       |       |     1 |       |       ||     1
Evoke: Wand              |       |       |       |       |       |       |       |       |     2 ||     2
       Phantom mirror    |       |       |       |       |       |       |       |       |     1 ||     1
  Use: Scroll            |     4 |       |       |    23 |    11 |     9 |     9 |    17 |    31 ||   104
       Potion            |       |       |       |     3 |     1 |     4 |     2 |     2 |    18 ||    30
 Stab: Sleeping          |     2 |       |       |       |       |     2 |       |       |       ||     4
       Petrified         |       |       |       |       |     5 |       |       |       |       ||     5
       Invisible         |       |       |       |       |       |       |     7 |       |       ||     7
       Distracted        |       |       |       |       |       |       |     3 |     2 |     4 ||     9
       Confused          |       |       |       |       |       |       |       |       |     5 ||     5
  Eat: Chunk             |     3 |    10 |    11 |    27 |    52 |    16 |    45 |    46 |    32 ||   242
       Ration            |       |       |     3 |     4 |     1 |     7 |     9 |     4 |    23 ||    51
Armor: Leather armour    |    18 |       |    24 |    29 |       |       |       |       |       ||    71
       Ring mail         |     4 |    52 |    66 |   131 |   199 |       |       |       |       ||   452
       Chain mail        |       |       |       |    65 |       |       |       |       |       ||    65
       Troll leather arm |       |       |       |       |    55 |   208 |       |       |       ||   263
       Plate armour      |       |       |       |       |    62 |    71 |   516 |   403 |   503 ||  1555
       Gold dragon scale |       |       |       |       |       |       |       |       |   419 ||   419
Dodge: Dodged            |    49 |   126 |   152 |   291 |   440 |   257 |   366 |   463 |  1271 ||  3415
Block: Buckler           |       |       |       |   103 |   261 |       |       |       |       ||   364
       Shield            |       |       |       |       |    63 |   692 |  1013 |   918 |  2469 ||  5155
       Reflection        |       |       |       |       |       |       |       |       |    45 ||    45

Vault maps used:
D:1:      minmay_arrival_widening_spiral_narrow
D:2:      tgw_trog
D:3:      lemuel_zombie_altar_yredelemnul, minivault_19,
          hangedman_abyss_or_decor_stabs, minmay_rat_hole
D:4:      temple_fountains, hangedman_glass_teeth, uniq_eustachio
D:5:      lemuel_crystal_altar, overflow_temple_1_default,
          dancing_weapons_uskayaw, first_ration, guppyfry_shop_venom,
          uniq_menkaure, uniq_blork_the_orc
D:6:      old_standard_altar, okawaru_altar_gauntlet_db, uniq_grinder
D:7:      lemuel_doored_altar, nicolae_qazlal_eye_of_the_storm, serial_shops,
          shop, the_bakery, uniq_pikel
D:8:      lemuel_round_altar, erik_lair_island, fedhas_altar_1, uniq_grum
D:9:      nicolae_overflow_crystal_walls
D:10:     serial_shops, nicolae_shop_trees, minmay_checkerbox
D:11:     lab_entry_generic
D:12:     erik_orc_4, basic_altar, serial_shops, kennysheep_little_box
D:13:     erik_vaults_2
D:14:     minmay_statue_hallways, hangedman_decor_growths, uniq_rupert
D:15:     gammafunk_depths_entry_grave, serial_undead, serial_undead_c,
          serial_undead_a, serial_undead_f, serial_undead_d, minmay_misc_feat_x
Lair:1:   uniq_erica
Lair:2:   basic_altar, serial_bayou_pond_c, serial_bayou_shore_a,
          grunt_megastairs_1
Lair:3:   regret_index_tunnel_blossom, elwin_shoals_entry_rooms
Lair:4:   guppyfry_snake_entry_garden, ldierk_geyser, minivault_25,
          nicolae_lair_grove_arrangements
Lair:5:   slime_altar_1
Lair:6:   gammafunk_lair_ancient_temple
Shoals:1: serial_shops, nicolae_shop_overgrown_old_shop
Shoals:2: nicolae_shoals_kraken_party
Shoals:3: gammafunk_its_a_trap
Shoals:4: shoals_end_grunt_ice, shoals_ilsuiw_ice
Snake:1:  basic_altar, hangedman_snake_corridor_cut
Snake:2:  kennysheep_six_static_rooms, st_stairs_4, grunt_ministairs_7,
          nicolae_snake_serpentine_hallways, nicolae_snake_lava_pool
Snake:3:  uniq_vashnia
Snake:4:  snake_pit, basic_altar, serial_bayou_crossing, uniq_bai_suzhen
Orc:1:    serial_shops, nicolae_shop_behind_doors
Orc:2:    st_orc_congregation, nicolae_orc_damp_corner
Elf:1:    portal_ice_cave_entry_horrid_things, minmay_elf_annihilation
Vaults:1: vaults_room_door_hall, nicolae_vaults_angled_halls, vaults_mumra_lcd,
          vaults_mumra_minichess_inversion, ontoclasm_vaults_gateway,
          st_spiral_rooms, vaults_room_pool, nicolae_vaults_three_branches,
          v_misc_12, vaults_room_pools, nicolae_vaults_mini_display_case,
          nicolae_vaults_hallways_thing, nicolae_vaults_little_squares_1,
          v_rooms_2, portal_desolation_entry_ruin, uniq_saint_roka
Vaults:2: ontoclasm_vaults_loading_screen, v_misc_14, v_misc_17, st_more_cells,
          vaults_dpeg_ring, nicolae_vaults_rhombus_7, serial_shops,
          bzr_entry_water, basic_altar
Vaults:3: nicolae_vaults_ring_of_whatevers, minmay_crypt_entry_simple_box,
          vaults_dpeg_cross, vaults_dpeg_doors, ontoclasm_vaults_ring_square,
          nicolae_vaults_disjoint_gnomons, v_alt_pattern_1,
          ontoclasm_vaults_spin, v_misc_23, vaults_mumra_minichess,
          vaults_room_stairs_pillars, serial_shops, shop
Vaults:4: nicolae_vaults_specimen_jars, v_alt_pattern_3, grunt_vaults_focal,
          v_misc_30, vaults_room_pool, ontoclasm_vaults_decontamination,
          vaults_room_pools
Depths:1: minmay_roctagon, serial_shops, shop, nrook_uturn, pf_coc_iceberg,
          enter_trove_6, rand_demon_pan_entry_4, pandoras_box_mu, uniq_asterion
Depths:2: cheibrodos_lost_city_excavation, grunt_hell_entry_dis_grunt,
          pan_entry, serial_bayou_lagoon_a, grunt_ministairs_2,
          lightli_giant_bouncers
Depths:3: hangedman_stitches_corridor, hell_entry, grunt_decor_arrowhead,
          pan_entry, minivault_21, minmay_misc_feat_chi, serial_bayou_pond_b,
          minmay_strange_pillars, grunt_decor_resistance, uniq_enchantress,
          uniq_aizul
Depths:4: minmay_quantized_circle, hell_entry, serial_shops,
          nicolae_shop_statue_plus, abyss_entry, serial_bayou_ford_a,
          mu_enter_wizlab_4, uniq_xtahua
Depths:5: evilmike_zot_entry_diamond, enter_ziggurat_b, bh_walls_and_bars,
          hell_entry, serial_shops, nicolae_shop_stone, shop_fountains,
          abyss_entry
Zot:1:    lemuel_firehouse, hangedman_zot_decor_slant
Zot:2:    st_stairs_5, nzn_random_ring
Zot:3:    basic_stair_grate_trap, grunt_megastairs_4, lemuel_elevator
Zot:4:    grunt_ministairs_15
Abyss:2:  hangedman_abyss_or_decor_jellyfish_corner, minivault_19
Lab:      nicolae_lab_quarters, labyrinth_skeletal_remains, nicolae_lab_statue,
          nicolae_lab_plus, nicolae_lab_diamond, nicolae_lab_stuck
Bazaar:   bazaar_general_marketplace
Trove:    trove_library
IceCv:    ice_cave_caverns_03
WizLab:   wizlab_wucad

Table legend:
 A = Turns spent in this place as a percentage of turns spent in the entire game.
 B = Non-inter-level travel turns spent in this place as a percentage of non-inter-level travel turns spent in the entire game.
 C = Inter-level travel turns spent in this place as a percentage of turns spent in this place.
 D = Turns resting spent in this place as a percentage of non-inter-level travel turns spent in this place.
 E = Turns spent auto-exploring this place as a percentage of non-inter-level travel turns spent in this place.
 F = Non-inter-level travel turns spent in this place divided by the number of levels of this place that you've seen.
                   A       B       C       D       E      F
               +-------+-------+-------+-------+-------+----------------------
         Total | 100.0 | 100.0 |   8.3 |   6.3 |  59.8 | 1169.4
       Dungeon |  23.2 |  22.3 |  11.8 |   3.0 |  68.8 | 955.5
          Lair |  10.5 |  10.9 |   5.4 |   8.7 |  67.9 | 1165.7
        Shoals |   6.6 |   7.0 |   2.5 |  14.9 |  50.1 | 1124.2
     Snake Pit |  11.8 |  12.6 |   2.1 |   2.4 |  63.8 | 2021.8
  Orcish Mines |   3.2 |   3.2 |   9.0 |   6.1 |  58.9 | 1023.0
   Elven Halls |   3.3 |   3.3 |   7.7 |   3.2 |  54.7 | 1075.0
        Vaults |  11.7 |  11.9 |   6.9 |   8.1 |  54.9 | 1533.8
        Depths |  11.5 |  10.8 |  13.4 |  10.8 |  53.5 | 1394.4
          Hell |   1.1 |   1.2 |   2.3 |   0.0 |  47.4 | 756.0
           Zot |  14.0 |  13.4 |  12.1 |   3.7 |  62.9 | 1724.2
         Abyss |   0.4 |   0.4 |   0.0 |   0.0 |   0.0 | 287.0
     Labyrinth |   0.4 |   0.5 |   0.0 |   0.0 |   0.0 | 298.0
        Bazaar |   0.1 |   0.1 |   0.0 |   0.0 |  16.7 |  36.0
         Trove |   0.1 |   0.1 |   0.0 |   0.0 |   0.0 |  76.0
      Ice Cave |   1.4 |   1.5 |   0.0 |  29.6 |  29.8 | 965.0
        Wizlab |   0.8 |   0.8 |   0.0 |   0.0 |   3.6 | 530.0
               +-------+-------+-------+-------+-------+----------------------

Table legend:
 A = Kills in this place as a percentage of kills in entire the game.
 B = Kills by you in this place as a percentage of kills by you in the entire game.
 C = Kills by friends in this place as a percentage of kills by friends in the entire game.
 D = Other kills in this place as a percentage of other kills in the entire game.
 E = Experience gained in this place as a percentage of experience gained in the entire game.
 F = Experience gained in this place divided by the number of levels of this place that you have seen.
                   A       B       C       D       E      F
               +-------+-------+-------+-------+-------+----------------------
         Total | 100.0 | 100.0 | 100.0 | 100.0 | 100.0 | 31396.3
       Dungeon |  18.2 |  18.6 |   0.0 |   0.0 |   4.0 | 4562.5
          Lair |   9.2 |   9.4 |   0.0 |   0.0 |   3.1 | 9053.7
        Shoals |   5.6 |   5.6 |   8.3 |   9.1 |   4.5 | 19375.0
     Snake Pit |  10.1 |   9.8 |  36.1 |   0.0 |   8.1 | 34807.0
  Orcish Mines |   4.5 |   4.6 |   0.0 |   0.0 |   1.1 | 9171.0
   Elven Halls |   3.7 |   3.8 |   0.0 |   9.1 |   3.2 | 28012.5
        Vaults |  16.5 |  16.3 |  22.2 |  45.5 |  18.4 | 63377.6
        Depths |  13.7 |  13.5 |  30.6 |   9.1 |  20.0 | 69232.0
          Hell |   2.8 |   2.9 |   0.0 |   0.0 |   2.8 | 48666.0
           Zot |  12.0 |  12.1 |   2.8 |  27.3 |  33.1 | 114309.0
         Abyss |   1.1 |   1.1 |   0.0 |   0.0 |   1.1 | 18290.0
     Labyrinth |   0.2 |   0.2 |   0.0 |   0.0 |   0.1 | 1299.0
      Ice Cave |   2.1 |   2.2 |   0.0 |   0.0 |   0.5 | 8842.0
        Wizlab |   0.0 |   0.0 |   0.0 |   0.0 |   0.1 | 1250.0
               +-------+-------+-------+-------+-------+----------------------
